Selects Advanced Infantry Battlegroup
Construct Medical Station
Mechanized Support Center
Selects Convert to Ranger Squad
M1918 Browning Automatic Rifles
Construct Weapon Support Center
Selects Artillery Observers
Selects Designate Assault Position
Selects Ranger Weapon Training
Improved M9 Bazooka Rockets
M18 Hellcat Tank Destroyer
M18 Hellcat Tank Destroyer
Selects M2A1 105mm Howitzer Emplacement
Selects 155mm Rapid Artillery Barrage
Designate Forward Repair Station
M4(105) Sherman Bulldozer
155mm Rapid Artillery Barrage
M18 Hellcat Tank Destroyer
M18 Hellcat Tank Destroyer